 Dungeon Crawl Stone Soup version 0.30-a0-137-gd8773701ce (webtiles) character file.

Game seed: 17978184982003165147

6771 KennySheep the Destroyer (level 11, 0/67 HPs)
             Began as a Tengu Air Elementalist on Sept 23, 2022.
             Was an Initiate of Vehumet.
             Slain by an unseen horror (5 damage)
             ... on level 10 of the Dungeon on Sept 24, 2022.
             The game lasted 01:02:28 (15134 turns).

KennySheep the Destroyer (Tengu Air Elementalist)  Turns: 15134, Time: 01:02:29

Health: 0/67       AC:  5    Str:  9    XL:     11   Next: 4%
Magic:  21/21      EV: 16    Int: 19    God:    Vehumet [......]
Gold:   514        SH:  0    Dex: 15    Spells: 9/22 levels left

rFire   . . .      SeeInvis .    a - +2 lajatang (vamp)
rCold   . . .      Faith    .    (shield currently unavailable)
rNeg    . . .      Spirit   .    G - +0 steam dragon scales
rPois   .          Reflect  .    (helmet restricted)
rElec   .          Harm     .    (no cloak)
rCorr   .          Rampage  .    (no gloves)
Will    .....                    (boots unavailable)
Stlth   +++.......               (no amulet)
HPRegen 0.21/turn                n - +4 ring of slaying
MPRegen 0.17/turn                o - +4 ring of slaying

@: flying quickly and evasively, quick
A: beak, talons 3, nimble flight
a: Renounce Religion


You were on level 10 of the Dungeon.
You worshipped Vehumet.
Vehumet was noncommittal.
You visited 2 branches of the dungeon, and saw 11 of its levels.
You also visited: Ossuary.

You collected 566 gold pieces.
You spent 52 gold pieces at shops.

Inventory:

Hand Weapons
 a - a +2 vampiric lajatang (weapon)
 f - a +0 dagger
 y - a +2 whip of venom
Missiles
 s - 3 throwing nets
Armour
 c - a +0 leather armour
 g - a +1 robe of positive energy
 F - a +0 robe
 G - +0 steam dragon scales (worn)
Jewellery
 j - a ring of fire
 m - an amulet of guardian spirit
 n - a +4 ring of slaying (left hand)
 o - a +4 ring of slaying (right hand)
Wands
 e - a wand of roots (11)
 q - a wand of acid (8)
 x - a wand of charming (12)
Scrolls
 d - 2 scrolls of blinking
 i - a scroll of vulnerability
 k - 3 scrolls of fear
 l - 2 scrolls of enchant armour
 t - 2 scrolls of noise
 w - a scroll of poison
 B - 11 scrolls of teleportation
Potions
 b - 5 potions of magic
 h - 5 potions of curing
 p - 3 potions of haste
 r - 2 potions of lignification
 u - a potion of mutation
 v - 3 potions of might
 z - 2 potions of ambrosia
 A - a potion of invisibility
 C - a potion of brilliance
 D - a potion of degeneration
 E - a potion of flight {unknown}
 I - a potion of attraction {unknown}


   Skills:
 + Level 7.5 Fighting
 * Level 4.6 Staves
 + Level 2.8 Armour
 + Level 3.7 Dodging
 + Level 5.9 Stealth
 - Level 6.1 Spellcasting
 - Level 10.3 Conjurations
 - Level 10.0 Air Magic
 - Level 0.8 Evocations


You had 9 spell levels left.
You knew the following spells:

 Your Spells              Type           Power      Damage    Failure   Level
a - Shock                 Conj/Air       100%       1d9       1%          1
b - Static Discharge      Conj/Air       88%        2-6/arc   1%          2
c - Swiftness             Air            44%        N/A       1%          3
d - Airstrike             Air            22%        2d(4-20)  1%          4
e - Stone Arrow           Conj/Erth      50%        3d10      4%          3

Your spell library contained the following spells:

 Spells                   Type           Power      Damage    Failure   Level
 Poisonous Vapours        Pois/Air       48%        N/A       2%          2
 Sandblast                Erth           10%        2d5       11%         1
 Slow                     Hex            20%        N/A       11%         1
 Sting                    Tmut/Pois      20%        1d4       11%         1
 Sticky Flame             Conj/Fire      25%        2d5       13%         4
 Passwall                 Tmut/Erth      4%         N/A       17%         2
 Confusing Touch          Hex            5%         N/A       32%         3
 Ignite Poison            Fire/Tmut/Pois 5%         N/A       32%         3
 Vampiric Draining        Necr           5%         2d6       32%         3
 Anguish                  Hex/Necr       2%         N/A       73%         4
 Olgreb's Toxic Radiance  Pois           5%         N/A       73%         4
 Enfeeble                 Hex            2%         N/A       100%        7


Dungeon Overview and Level Annotations

Branches:
Dungeon (10/15)            Temple (1/1) D:4            Lair (0/5) D:9
Ossuary (visited)
    Orc: D:9-12

Altars:
Ashenzari
Cheibriados
Dithmenos
Elyvilon
Fedhas
Gozag
Hepliaklqana
Kikubaaqudgha
Makhleb
Nemelex Xobeh
Okawaru
Qazlal
Ru
Sif Muna
Trog
Uskayaw
Vehumet
Wu Jian
Xom
Yredelemnul
Zin
The Shining One

Shops:
D:7 !

Annotations:
D:3 3 runed translucent doors, billz999's ghost, amateur GrEE
D:4 3 runed translucent doors, Pilot's ghost, amateur DESu
D:10 Harold


Innate Abilities, Weirdness & Mutations

You have a beak for a mouth.
You have claws for feet.
Your magical nature lets you fly swiftly and evasively.


Message History

Something hits you but does no damage. Something hits you! Something hits you.
Something hits you. Something hits you but does no damage.
You swing at nothing.
You swing at nothing.
You swing at nothing.
You barely miss the troll. You claw the troll!
The troll is moderately wounded.
The troll closely misses you. The troll claws you!
The troll claws you but does no damage.
You slash the troll!
You feel better.
You claw the troll. You peck the troll!
The troll is severely wounded.
The troll bites you. The troll claws you. The troll claws you!
You slash the troll! Your kick misses the troll.
The troll is almost dead.
The troll barely misses you. The troll claws you.
* * * LOW HITPOINT WARNING * * *
The troll claws you.
* * * LOW HITPOINT WARNING * * *
The troll bites you but does no damage. The troll claws you!
* * * LOW HITPOINT WARNING * * *
The troll misses you.
You slash the troll!
You feel better.
You kill the troll!
Vehumet accepts your kill. Something barely misses you.
You swing at nothing.
Something hits you.
* * * LOW HITPOINT WARNING * * *
You slash something!
You feel better. Something hits you.
* * * LOW HITPOINT WARNING * * *
Something hits you!
* * * LOW HITPOINT WARNING * * *
You barely miss something. Something barely misses you.
You swing at nothing.
Something hits you but does no damage.
You swing at nothing.
Something hits you.
* * * LOW HITPOINT WARNING * * *
You feel better. Something hits you.
* * * LOW HITPOINT WARNING * * *
Something hits you.
You die...

............
...#.##.#..#
#(...#....###
###......#....
#.....<..#....
###....##.T.....
#...##..T.##.<..
#####...#.....##....
#..@..##............
#.....#####............T
#.... #............!
.... #...!......... ...
#.....>....... ..
#............. # .....
..... #....


There were no monsters in sight!

Vanquished Creatures
  Joseph (D:8)
  Psyche (D:8)
  A kobold demonologist (D:7)
  2 trolls (D:10)
  A slime creature (D:7)
  Sigmund (D:2)
  7 yaks
  A wyvern (D:9)
  3 steam dragons
  3 water moccasins
  2 ice beasts
  2 black bears
  2 sky beasts
  A centaur (D:5)
  2 ogres
  2 phantoms (D:5)
  2 kobold brigands
  3 elf zombies (Ossuary)
  9 bullfrogs
  2 gnoll sergeants
  A scorpion (D:7)
  2 necrophages
  3 wights (D:8)
  5 howler monkeys
  A centaur zombie (Ossuary)
  2 human zombies (Ossuary)
  4 jellies
  An orc priest (D:9)
  4 iguanas
  2 orc wizards (D:8)
  A hound zombie (Ossuary)
  4 mummies
  13 gnolls
  7 adders
  2 white imps
  5 adder zombies (Ossuary)
  2 worms (D:2)
  4 dart slugs
  13 orcs
  7 bats
  4 endoplasms
  2 giant cockroaches
  8 goblins
  7 hobgoblins
  2 quokkas (D:5)
  3 ball pythons (D:3)
  3 frilled lizards (D:2)
  A gnoll zombie (Ossuary)
  2 goblin zombies (Ossuary)
  6 hobgoblin zombies
  4 jackal zombies (Ossuary)
  8 kobolds
  7 kobold zombies
  An orc zombie (Ossuary)
  3 quokka zombies (Ossuary)
  6 rats
  2 rat zombies (Ossuary)
200 creatures vanquished.

Notes
Turn   | Place    | Note
-------+----------+-------------------------------------------
     0 | D:1      | KennySheep the Tengu Air Elementalist began the quest for
                  | the Orb.
     0 | D:1      | Reached XP level 1. HP: 10/10 MP: 4/4
   743 | D:1      | Reached XP level 2. HP: 15/15 MP: 4/6
  1761 | D:2      | Noticed Sigmund
  1777 | D:2      | Killed Sigmund
  1778 | D:2      | Reached skill level 1 in Fighting
  1778 | D:2      | Reached XP level 3. HP: 4/21 MP: 1/8
  1778 | D:2      | Reached XP level 4. HP: 5/26 MP: 1/9
  1778 | D:2      | Gained mutation: Your magical nature lets you fly swiftly
                  | and evasively. [Tengu growth]
  1778 | D:2      | Reached XP level 5. HP: 5/30 MP: 1/10
  2584 | D:2      | Found a faded altar of an unknown god.
  2809 | D:3      | Reached skill level 5 in Air Magic
  2812 | D:3      | Learned a level 2 spell: Static Discharge
  2816 | D:3      | Learned a level 3 spell: Swiftness
  2821 | D:3      | Learned a level 4 spell: Airstrike
  2846 | D:3      | Found a runed translucent gate.
  2847 | D:3      | Found a runed translucent gate.
  2857 | D:3      | Reached XP level 6. HP: 27/35 MP: 3/12
  3689 | D:3      | Found a runed translucent gate.
  4099 | D:3      | Noticed billz999's ghost (amateur GrEE)
  4120 | D:4      | Noticed a black bear
  4481 | D:4      | Reached skill level 5 in Conjurations
  4837 | D:4      | Found a runed translucent gate.
  4837 | D:4      | Noticed Pilot's ghost (amateur DESu)
  4838 | D:4      | Found a runed translucent gate.
  4839 | D:4      | Found a runed translucent gate.
  4860 | D:4      | Reached XP level 7. HP: 40/40 MP: 9/14
  5144 | D:4      | Found a staircase to the Ecumenical Temple.
  5278 | Temple   | Entered the Ecumenical Temple
  5435 | D:5      | Entered Level 5 of the Dungeon
  6204 | D:5      | Reached XP level 8. HP: 43/46 MP: 4/16
  7594 | D:6      | Learned a level 3 spell: Stone Arrow
  7601 | D:6      | Reached skill level 5 in Spellcasting
  8032 | D:6      | Reached XP level 9. HP: 41/53 MP: 13/17
  8391 | D:6      | Reached skill level 5 in Fighting
  8609 | D:7      | Found Bahuvvyod's Distillery.
  8613 | D:7      | Bought a potion of degeneration for 13 gold pieces
  8613 | D:7      | Bought a potion of curing for 39 gold pieces
  8645 | D:7      | Found a sand-covered staircase.
  8651 | Ossuary  | Entered an ossuary
 10595 | D:7      | Noticed a kobold demonologist
 10722 | D:7      | Killed a kobold demonologist
 10814 | D:7      | Reached XP level 10. HP: 44/60 MP: 11/19
 11387 | D:7      | You are sucked into a shaft and drop 2 floors!
 11531 | D:8      | Found a radiant altar of Vehumet.
 11533 | D:8      | Found a white marble altar of Elyvilon.
 11542 | D:8      | Became a worshipper of Vehumet
 11625 | D:8      | Identified a scroll of acquirement
 11631 | D:8      | Acquired a +0 vampiric lajatang
 11662 | D:8      | Reached skill level 10 in Conjurations
 11774 | D:8      | HP: 2/61 [yak (12)]
 12470 | D:8      | Identified the +4 glaive of Intimidation {vorpal, Dex+2}
 12473 | D:8      | Noticed Psyche
 12512 | D:8      | Reached skill level 1 in Staves
 12644 | D:8      | Noticed Joseph
 12756 | D:8      | Killed Joseph
 12757 | D:8      | Reached skill level 5 in Stealth
 12757 | D:8      | Reached skill level 10 in Air Magic
 13049 | D:8      | Reached skill level 1 in Armour
 13082 | D:8      | Found a burning altar of Makhleb.
 13091 | D:8      | Found a snail-covered altar of Cheibriados.
 13091 | D:8      | Found a stormy altar of Qazlal.
 13091 | D:8      | Found a sacrificial altar of Ru.
 13092 | D:8      | Found a shadowy altar of Dithmenos.
 13094 | D:8      | Found a hazy altar of Hepliaklqana.
 13096 | D:8      | Found an iron altar of Okawaru.
 13160 | D:8      | Killed Psyche
 13779 | D:9      | Found a staircase to the Lair.
 14757 | D:10     | Entered Level 10 of the Dungeon
 14764 | D:10     | Reached XP level 11. HP: 24/67 MP: 21/21
 15109 | D:10     | Noticed Harold
 15133 | D:10     | HP: 2/67 [something (6)]
 15134 | D:10     | Slain by an unseen horror

Illustrated notes

Levels and vault maps discovered:
D:1:      dpeg_arrival_court, layout_basic
D:2:      layout_loops_ring, ebering_ecumenical_altar_hall,
          hangedman_feature_mirror, uniq_sigmund
D:3:      layout_basic, ebering_ghost_rock_garden, minmay_misc_feat_diagonals
D:4:      layout_loops_ring, minmay_temple_entry_poolview,
          biasface_ghost_orc_armoury
D:5:      layout_basic
D:6:      layout_basic, minmay_increasing_density
D:7:      minmay_opposing_rooms, layout_gridville, nicolae_ossuary_entry_giza,
          serial_shops, shop
D:8:      layout_gridville, minitemple,
          chequers_temple_overflow_statue_of_worship, moated_statue,
          uniq_joseph, uniq_psyche
D:9:      layout_cave_pods, lair_entry_dummy
D:10:     layout_rooms, enter_bailey_4, minmay_starry_boxes, uniq_harold
Temple:   nicolae_temple_god_jail

Skill      XL: |  1  2  3  4  5  6  7  8  9 10 |
---------------+-------------------------------+-----
Conjurations   | 4 5 6 8 9 10 | 10.3
Fighting       | 1 2 3 4 6 7 |  7.5
Spellcasting   | 3 4 5 6 |  6.1
Air Magic      | 5 6 7 9 10 | 10.0
Stealth        | 3 4 5 |  5.9
Staves         | 4 |  4.6
Armour         | 2 |  2.8
Dodging        | 3 |  3.7
Evocations     | |  0.8

Action                   |  1- 3 |  4- 6 |  7- 9 | 10-12 || total
-------------------------+-------+-------+-------+-------++-------
Melee: Unarmed           |     3 |       |       |       ||     3
       Dagger            |     2 |       |       |       ||     2
       Kick              |     1 |       |     8 |    25 ||    34
       Whip              |       |       |    20 |     2 ||    22
       Peck              |       |       |     6 |    18 ||    24
       Punch             |       |       |     1 |       ||     1
       Lajatang          |       |       |       |    78 ||    78
 Cast: Shock             |    43 |    95 |   267 |    88 ||   493
       Stone Arrow       |       |       |     6 |     4 ||    10
       Airstrike         |       |       |       |     3 ||     3
  Use: Potion            |     2 |       |     2 |     1 ||     5
       Scroll            |     1 |     5 |     8 |     6 ||    20
 Stab: Sleeping          |     1 |       |     1 |     1 ||     3
Armor: Robe              |     2 |     6 |    18 |       ||    26
       Steam dragon scal |       |       |     1 |    18 ||    19
Dodge: Dodged            |    13 |    20 |   112 |    84 ||   229

Table legend: (Time is in decaauts)
 A = Elapsed time spent in this place.
 B = Non-inter-level travel time spent in this place.
 C = Inter-level travel time spent in this place.
 D = Time resting spent in this place.
 E = Time spent auto-exploring this place.
 F = Levels seen in this place.
 G = Mean time per level.
                   A        B        C        D        E       F      G
               +--------+--------+--------+--------+--------+-----+--------+
         Total |  14475 |  13642 |    833 |   4807 |   6993 |  12 | 1206.2 |
       Dungeon |  13569 |  12752 |    817 |   4419 |   6698 |  10 | 1356.9 |
        Temple |     69 |     53 |     16 |      0 |     41 |   1 |   69.0 |
       Ossuary |    836 |    836 |      0 |    388 |    253 |   1 |  836.0 |
               +--------+--------+--------+--------+--------+-----+--------+

Top non-repeatable levels by time:
     D:7: 2362 daAuts
     D:6: 1667 daAuts
     D:8: 1588 daAuts
     D:5: 1506 daAuts
     D:2: 1466 daAuts
     D:1: 1272 daAuts
     D:3: 1258 daAuts
     D:9: 1254 daAuts
     D:4: 1149 daAuts
 Ossuary: 836 daAuts
  Temple: 69 daAuts
    D:10: 43 daAuts
